 Dungeon Crawl Stone Soup version 0.31.0-12-g77e489cdc1 (webtiles) character file.

Game seed: 5008060379834934282

46 cdecastro the Changeling (level 3, -9/29 HPs)
             Began as a Draconian Shapeshifter on Feb 26, 2024.
             Was a Follower of Okawaru.
             Mangled by an iguana (11 damage)
             ... on level 2 of the Dungeon.
             The game lasted 00:02:21 (1184 turns).

cdecastro the Changeling (Draconian Shapeshifter)   Turns: 1184, Time: 00:02:21

Health: -9/29      AC:  5    Str: 16    XL:     3   Next: 46%
Magic:  3/3        EV: 12    Int: 10    God:    Okawaru [*.....]
Gold:   71         SH:  0    Dex: 12    Spells: 2/2 levels left

rFire   . .          .
                       - Unarmed
rCold   . . .        (no shield)
rNeg    . . .        (body armour unavailable)
rPois   .            (helmet currently unavailable)
rElec   .            (cloak currently unavailable)
rCorr   .            (gloves currently unavailable)
SInv    +            (boots currently unavailable)
Will    .....        (no amulet)
Stlth   +            e - ring of see invisible
HPRegen 0.24/turn    (no ring)
MPRegen 0.08/turn

%: no passive effects
@: beast-form
A: beast (slay +2), AC +5, unfitting armour, cold-blooded
a: Begin Untransformation, Renounce Religion, Heroism


You were on level 2 of the Dungeon.
You worshipped Okawaru.
Okawaru was aware of your devotion.
You were a hulking beast.
You visited 1 branch of the dungeon, and saw 2 of its levels.

You collected 71 gold pieces.

Inventory:

Armour
 f - a +0 pair of gloves
Jewellery
 e - a ring of see invisible (left hand)
Talismans
 b - a beast talisman
 c - a flux talisman
Scrolls
 d - 3 scrolls of teleportation {unknown}
 h - a scroll of fog {unknown}
 i - a scroll of identify {unknown}
Potions
 a - a potion of lignification
 g - a potion of heal wounds {unknown}


   Skills:
 + Level 2.3 Fighting
 - Level 1.7 Dodging
 - Level 3.0 Unarmed Combat
 * Level 3.9 Shapeshifting


You had 2 spell levels left.
You didn't know any spells.
Your spell library was empty.

Dungeon Overview and Level Annotations

Branches:
Dungeon (2/15)

Altars:
Fedhas
Okawaru

Shops:
D:1 [


Innate Abilities, Weirdness & Mutations

You are a hulking beast.
Your limbs bulge with bestial killing power. (Slay +2)
Your plain brown scales are hard. (AC +5)
You cannot fit into any form of body armour.
You are cold-blooded and may be slowed by cold attacks.


Message History

A rat comes into view.
A rat is nearby!
The rat squeaks loudly.
You hit the rat.
You kill the rat!
A bat comes into view.
A bat is nearby!
A bat is nearby!
A bat is nearby!
You barely miss the bat. The bat hits you but does no damage.
The bat hits you. x2
You hit the bat.
You kill the bat!
Okawaru accepts your kill.
No target in view!
No target in view!
You now have 71 gold pieces (gained 11).
Found a stone staircase leading down.
There is a stone staircase leading down here.
An iguana comes into view.
An iguana is nearby!
An iguana is nearby!
There is a stone staircase leading down here.
The iguana bites you.
You hit the iguana.
The iguana is lightly wounded.
The iguana hisses menacingly.
The iguana bites you!
* * * LOW HITPOINT WARNING * * *
You hit the iguana but do no damage.
The iguana is lightly wounded.
The iguana bites you.
* * * LOW HITPOINT WARNING * * *
You hit the iguana but do no damage. You tail-slap the iguana.
The iguana is moderately wounded.
The iguana bites you!
* * * LOW HITPOINT WARNING * * *
You hit the iguana.
The iguana is heavily wounded.
The iguana bites you!
You die...

####### ....... .......
.......## ############
........# #..........#
........## #..........#
.........#####..........#
##
#######...lh............#
#[ #..####........(..###.
#..# ##..........#...
#... ######.#....... ....
............... ##.###
..#####.###.... #.
#.###...###.... ..##.#
#.##..####..##.
#########.(#.#
#.##.#####.###.


You could see an iguana.

Vanquished Creatures
  2 adders (D:2)
  3 bats
  A bat skeleton (D:2)
  An endoplasm (D:2)
  A giant cockroach (D:1)
  3 goblins
  3 hobgoblins
  2 kobolds (D:1)
  2 quokkas (D:2)
  4 ball pythons
  A ball python zombie (D:2)
  A frilled lizard (D:1)
  A quokka zombie (D:2)
  2 rats
27 creatures vanquished.

Notes
Turn   | Place    | Note
-------+----------+-------------------------------------------
     0 | D:1      | cdecastro the Draconian Shapeshifter began the quest for
                  | the Orb.
     0 | D:1      | Reached XP level 1. HP: 16/16 MP: 1/1
    37 | D:1      | You fall into a shaft and drop 1 floor!
    78 | D:1      | Found Xitropp's Armour Boutique.
   142 | D:1      | Found a faded altar of an unknown god.
   185 | D:1      | Prayed at the altar of an unknown god.
   185 | D:1      | Became a worshipper of Warmaster Okawaru
   185 | D:1      | Reached * piety under Okawaru
   311 | D:1      | Reached XP level 2. HP: 20/23 MP: 2/2
   827 | D:2      | Reached XP level 3. HP: 16/29 MP: 3/3
   986 | D:2      | Found a blossoming altar of Fedhas.
  1184 | D:2      | Mangled by an iguana

Illustrated notes

Levels and vault maps discovered:
D:1:      saegor_arrival_simple_c, layout_basic,
          shapermc_ecumenical_altar_acropolis, serial_shops, shop
D:2:      layout_rooms, basic_altar, serial_undead, serial_undead_f,
          serial_undead_b, serial_undead_b, serial_undead_d

Skill      XL: |  1  2 |
---------------+-------+-----
Fighting       | 2 |  2.3
Dodging        | |  1.7
Unarmed Combat | |  3.0
Shapeshifting  | |  3.9

Action                     || total
---------------------------++-------
  Melee: Unarmed           ||    82
         Tailslap          ||     6
         Punch             ||     2
   Stab: Sleeping          ||     1
 Armour: Skin              ||    46
  Dodge: Dodged            ||    49
